 Dungeon Crawl Stone Soup version 0.24.0-29-g8ce449bc06 (webtiles) character file.

Game seed: 18071175108103818358, levelgen mode: deterministic

214230 Aelig the Convoker (level 18, -7/134 HPs)
             Began as a Barachi Summoner on Nov 14, 2019.
             Was a High Priest of Sif Muna.
             Killed from afar by a hell hog (38 damage)
             ... with a fireball
             ... on level 3 of the Abyss on Nov 15, 2019.
             The game lasted 03:57:09 (47305 turns).

Aelig the Convoker (Barachi Summoner)              Turns: 47305, Time: 03:57:10

Health: -7/134     AC: 20    Str: 12    XL:     18   Next: 47%
Magic:  32/32      EV: 29    Int: 26    God:    Sif Muna [*****.]
Gold:   2132       SH: 15    Dex: 18    Spells: 7/37 levels left

rFire    . . .     SeeInvis +   b - +4 war axe (freeze)
rCold    . . .     Gourm    .   i - +2 shield {AC+3}
rNeg     . . .     Faith    .   Q - +1 leather armour "Qaytebo" {Int+4 Dex+6}
rPois    .         Spirit   .   E - +2 helmet
rElec    .         Reflect  .   U - +2 cloak {+Inv}
rCorr    .         Harm     .   O - +1 pair of gloves
MR       +....                  d - +2 pair of boots {Fly}
Stlth    ++........             D - amulet of magic regeneration
HPRegen  1.32/turn              K - ring of see invisible
MPRegen  0.48/turn              N - ring of Phasing {EV+8}

@: about to teleport, can't hop, regenerating, slow
A: +LOS, swims, slowness 1, strong legs 2
}: 2/15 runes: decaying, serpentine
a: Hop, Channel Magic, Forget Spell, Divine Exegesis, Renounce Religion, Evoke
Invisibility, Evoke Flight


You were on level 3 of the Abyss.
You worshipped Sif Muna.
Sif Muna was extremely pleased with you.
You were not hungry.

You visited 8 branches of the dungeon, and saw 35 of its levels.
You visited the Abyss 1 time.
You also visited: Ossuary.

You collected 2937 gold pieces.
You spent 805 gold pieces at shops.

Inventory:

Hand Weapons
 a - a +1 hand axe of electrocution
 b - a +4 war axe of freezing (weapon)
Armour
 d - a +2 pair of boots of flying (worn)
 i - a +2 shield of protection (worn)
 E - a +2 helmet (worn)
 O - a +1 pair of gloves (worn)
 Q - the +1 leather armour "Qaytebo" (worn) {Int+4 Dex+6}
   (You found it on level 2 of the Swamp)

   It affects your intelligence (+4).
   It affects your dexterity (+6).
 U - a +2 cloak of invisibility (worn)
Jewellery
 f - an uncursed ring of resist corrosion
 z - an uncursed ring of wizardry
 D - an amulet of magic regeneration (around neck)
 K - a ring of see invisible (left hand)
 M - an uncursed ring of poison resistance
 N - the ring of Phasing (right hand) {EV+8}
   (You found it on level 3 of the Lair of Beasts)

   [ring of evasion]

   It affects your evasion (+8).
Wands
 y - a wand of digging (4)
 L - a wand of scattershot (5)
Scrolls
 k - 7 scrolls of amnesia
 m - 5 scrolls of fog
 n - 7 scrolls of teleportation
 o - a scroll of fear
 q - 11 scrolls of identify
 r - 12 scrolls of remove curse
 u - 4 scrolls of enchant armour
 w - 6 scrolls of immolation
 x - 4 scrolls of magic mapping
 B - 4 scrolls of enchant weapon
 F - a scroll of brand weapon
 G - a scroll of silence
 H - 6 scrolls of vulnerability
 P - 2 scrolls of holy word
 S - a scroll of torment
Potions
 e - 7 potions of flight
 g - 9 potions of curing
 h - 5 potions of magic
 j - a potion of resistance
 l - 11 potions of brilliance
 p - 4 potions of cancellation
 s - a potion of mutation {unknown}
 v - 2 potions of might
 A - a potion of ambrosia {unknown}
 I - 3 potions of agility
 J - 3 potions of lignification
 X - a potion of berserk rage
 Y - 4 potions of haste
Comestibles
 c - 18 rations


   Skills:
 - Level 10.0 Fighting
 + Level 14.6 Axes
 - Level 9.1 Armour
 - Level 12.1 Dodging
 - Level 1.7 Stealth
 * Level 13.4 Shields
 - Level 10.0 Spellcasting
 - Level 6.0 Hexes
 - Level 8.0 Charms
 - Level 17.2 Summonings
 - Level 4.0 Necromancy
 - Level 8.0 Translocations
 - Level 6.0 Ice Magic
 - Level 6.0 Invocations


You had 7 spell levels left.
You knew the following spells:

 Your Spells              Type           Power        Failure   Level  Hunger
a - Shadow Creatures      Summ           N/A          1%          6    #####..
b - Summon Butterflies    Summ           #######.     0%          1    None
c - Call Canine Familiar  Summ           #######.     1%          3    None
d - Summon Ice Beast      Ice/Summ       ######..     1%          4    None
e - Regeneration          Chrm/Necr      #####.....   1%          3    None
f - Summon Forest         Summ/Tloc      ######....   1%          5    ####...
g - Summon Guardian Gole  Hex/Summ       ######..     1%          3    None
r - Summon Mana Viper     Hex/Summ       ######..     1%          5    ####...

Your spell library contained the following spells:

 Spells                   Type           Power        Failure   Level  Hunger
 Summon Small Mammal      Summ           ####         0%          1    None
 Call Imp                 Summ           #######.     0%          2    None
 Animate Skeleton         Necr           N/A          1%          1    None
 Confusing Touch          Hex            #####.       1%          1    None
 Corona                   Hex            #####..      1%          1    None
 Infusion                 Chrm           ####         1%          1    None
 Pain                     Necr           ####         1%          1    None
 Blink                    Tloc           N/A          1%          2    None
 Corpse Rot               Necr           N/A          1%          2    None
 Ensorcelled Hibernation  Hex/Ice        #####.       1%          2    None
 Shroud of Golubria       Chrm/Tloc      ######       1%          2    None
 Slow                     Hex            #####...     1%          2    None
 Song of Slaying          Chrm           ######..     1%          2    None
 Sublimation of Blood     Necr           ####......   1%          2    None
 Swiftness                Chrm/Air       ####....     1%          2    None
 Confuse                  Hex            #####...     1%          3    None
 Gell's Gravitas          Tloc           ######....   1%          3    None
 Lesser Beckoning         Tloc           ######....   1%          3    None
 Portal Projectile        Hex/Tloc       #####.       1%          3    None
 Recall                   Summ/Tloc      N/A          1%          3    None
 Spectral Weapon          Hex/Chrm       #####...     1%          3    None
 Tukima's Dance           Hex            #####...     1%          3    None
 Summon Lightning Spire   Summ/Air       ######..     1%          4    None
 Summon Demon             Summ           #######...   1%          5    ####...
 Passage of Golubria      Tloc           N/A          2%          4    None
 Throw Frost              Conj/Ice       ####..       3%          2    None
 Vampiric Draining        Necr           ####......   4%          3    None
 Summon Greater Demon     Summ           #######...   4%          7    #######
 Summon Hydra             Summ           #######...   4%          7    #######
 Dazzling Spray           Conj/Hex       ####..       6%          3    None
 Inner Flame              Hex/Fire       ####....     6%          3    None
 Cause Fear               Hex            #####.....   6%          4    None
 Flame Tongue             Conj/Fire      ##...        7%          1    None
 Magic Dart               Conj           ##..         7%          1    None
 Shock                    Conj/Air       ##..         7%          1    None
 Throw Flame              Conj/Fire      ##....       11%         2    None
 Animate Dead             Necr           N/A          13%         4    None
 Force Lance              Conj/Tloc      ####....     13%         4    None
 Excruciating Wounds      Chrm/Necr      #####.....   16%         5    ####...
 Metabolic Englaciation   Hex/Ice        #####.....   16%         5    ####...
 Conjure Flame            Conj/Fire      ##......     21%         3    None
 Ignite Poison            Fire/Tmut/Pois ##......     21%         3    None
 Mephitic Cloud           Conj/Pois/Air  ##......     21%         3    None
 Stone Arrow              Conj/Erth      ##....       21%         3    None
 Leda's Liquefaction      Hex/Erth       ####......   21%         4    None
 Agony                    Necr           ####....     36%         5    ####...
 Dispel Undead            Necr           ####....     36%         5    ####...
 Dispersal                Tloc           ######....   36%         6    #####..
 Yara's Violent Unravell  Hex/Tmut       ####......   50%         5    ####...
 Airstrike                Air            ##........   56%         4    None
 Petrify                  Tmut/Erth      ##......     56%         4    None
 Sticky Flame             Conj/Fire      ##......     56%         4    None
 Haunt                    Necr/Summ      ######....   58%         7    #######
 Bolt of Draining         Conj/Necr      ###.......   63%         5    ####...
 Invisibility             Hex            #####...     65%         6    #####..
 Spellforged Servitor     Conj/Summ      ######....   86%         7    #######
 Bolt of Magma            Conj/Fire/Erth ##........   88%         5    ####...
 Fireball                 Conj/Fire      ##........   88%         5    ####...
 Irradiate                Conj/Tmut      ##........   88%         5    ####...
 Bolt of Fire             Conj/Fire      ##........   100%        6    #####..
 Hydra Form               Tmut           ##........   100%        6    #####..
 Iron Shot                Conj/Erth      ##........   100%        6    #####..
 Statue Form              Tmut/Erth      ##.......    100%        6    #####..
 Dragon Form              Tmut           ##........   100%        7    #######
 Summon Horrible Things   Summ           #######...   36%         8    #######
 Chain Lightning          Conj/Air       ##........   100%        8    #######
 Discord                  Hex            #####.....   100%        8    #######
 Shatter                  Erth           ##........   100%        9    #######
 Tornado                  Air            ##........   100%        9    #######


Dungeon Overview and Level Annotations

Branches:
Dungeon (15/15)            Temple (1/1) D:5            Lair (6/6) D:8
  Swamp (4/4) Lair:3        Snake (4/4) Lair:4        Slime (0/5) Lair:5
    Orc (2/2) D:12            Elf (0/3) Orc:2        Vaults (2/5) D:14
 Depths (1/5) D:15        Ossuary (visited)
  Crypt: Vaults:2-3

Altars:
Ashenzari
Cheibriados
Dithmenos
Elyvilon
Fedhas
Gozag
Hepliaklqana
Kikubaaqudgha
Makhleb
Nemelex Xobeh
Okawaru
Ru
Sif Muna
Trog
Uskayaw
Vehumet
Wu Jian
Xom
Yredelemnul
Zin
The Shining One

Shops:
D:4 (:   D:5 }   D:6 !?[:   D:7 :   D:10 =   D:13 =   Orc:2 ***!
Vaults:1 *=::

Annotations:
D:4 Pikel
D:5 2 runed translucent doors
D:9 3 runed translucent doors, Geosu's ghost, novice TeMo; Pedro's ghost, journeyman FoFi; Tolueria's ghost, journeyman NaVM; rgaf's ghost, novice GrNe
Lair:4 exclusion: 2 oklob plants
Lair:6 2 transporters, Flugslaktarn's ghost, journeyman MiFi
Snake:2 1 runed translucent door, Vashnia
Snake:3 Bai Suzhen


Innate Abilities, Weirdness & Mutations

Shadows flee at your approach. (+LOS)
You can swim through water.
You cover ground slowly.
You can hop long distances.


Message History

Okay, then.
You feel better. The hell hog bites you!
* * * LOW HITPOINT WARNING * * *
Tentacles burst from the starspawn's body!
The hell hog closely misses you. You block the hell hog's attack.
The hell hog closely misses you. 2 starspawn tentacles come into view.
You feel better. The hell hog completely misses you.
You block the hell hog's attack. The hell hog closely misses you.
You block the small abomination's attack.
The hell hog bites you but does no damage.
You feel better. You block the hell hog's attack.
The hell hog bites you but does no damage.
The small abomination hits you but does no damage.
You block the hell hog's attack. The hell hog completely misses you.
The hell hog bites you!
* * * LOW HITPOINT WARNING * * *
The hell hog breathes fire at you.
The fireball explodes!
The fireball engulfs you!!!
You die...

## #. # ##. # ##
.. ### # . ## #..
#.##.## # #
§§##.#.#..# # .
#. #.......## #
....###. .
#....@.h## ...
.... ##.....h5##
#......
##..xhh..#
##.....
#.......## ##
.... #.##...w─3##
.. ... ##
#.....\5.##....
..
##....w──.......
.
##....──X........
###...........


You could see a tentacled starspawn, 4 hell hogs, a neqoxec, a small
abomination, 2 starspawn tentacles, an iron imp and a white imp.

Vanquished Creatures
  2 tentacled starspawn (Abyss:3)
  A nagaraja (Snake:4)
  An angel (Abyss:3)
  A vampire knight (D:15)
  A deep elf demonologist (Vaults:1)
  2 hydras
  4 naga warriors
  2 anacondas (Snake:4)
  A catoblepas (Lair:5)
  A deep troll shaman (Vaults:1)
  3 two-headed ogres
  7 alligators
  2 shock serpents
  A thrashing horror (Abyss:3)
  A salamander mystic (Snake:4)
  6 deep trolls (Vaults:1)
  4 swamp dragons
  2 unseen horrors (Vaults:1)
  2 sea snakes (Snake:4)
  2 naga ritualists
  An ironbrand convoker (Vaults:1)
  A phantasmal warrior (Vaults:1)
  A wolf spider (Vaults:1)
  An orc sorcerer (Orc:1)
  5 mana vipers
  4 salamanders
  2 guardian serpents
  A vault sentinel (Vaults:2)
  16 black mambas
  3 naga magi
  4 spiny frogs
  2 rime drakes
  A freezing wraith (D:15)
  4 yaktaurs
  2 polar bears
  An ancient zyme (Abyss:3)
  4 tyrant leeches
  A troll (Vaults:1)
  3 hornets
  A raiju (Abyss:3)
  3 large abominations (Abyss:3)
  12 slime creatures
  A hippogriff (Lair:2)
  2 wyverns
  2 wraiths
  7 yaks
  2 wargs (Vaults:1)
  A vampire mosquito (Swamp:4)
  7 swamp worms
  5 nagas
  2 insubstantial wisps (Swamp:1)
  A soldier ant (D:12)
  A water moccasin (Lair:6)
  7 orc warriors
  4 swamp drakes
  2 porcupines
  2 ice beasts (D:10)
  A phantom (D:5)
  An eye of draining (D:13)
  4 sky beasts
  4 wolves
  A centaur (D:5)
  An ogre (D:11)
  A small abomination (Abyss:3)
  11 bullfrogs
  A water moccasin zombie (Ossuary)
  A scorpion (D:11)
  2 killer bees (D:8)
  2 howler monkeys
  A wight (D:11)
  An electric eel (D:9)
  3 crimson imps
  A quasit (D:8)
  A centaur zombie (D:6)
  2 hounds
  2 jellies
  6 orc wizards
  2 orc priests (D:12)
  A bullfrog skeleton (D:11)
  2 centaur skeletons
  Jessica (D:14)
  An iguana (D:11)
  7 worker ants
  A big kobold zombie (Ossuary)
  A hound zombie (D:5)
  2 hound skeletons (D:5)
  A worker ant zombie (D:5)
  7 adders
  A shadow imp (D:13)
  A white imp (Abyss:3)
  An adder zombie (Ossuary)
  2 adder skeletons (D:5)
  3 leopard geckos
  21 orcs
  3 giant cockroaches
  6 goblins
  2 hobgoblins (D:1)
  5 quokkas
  2 bats
  5 frilled lizards
  A gnoll zombie (Ossuary)
  A hobgoblin zombie (Ossuary)
  2 kobolds
  3 orc zombies (Ossuary)
  A rat (D:1)
  6 starspawn tentacles (Abyss:3)
304 creatures vanquished.

Vanquished Creatures (collateral kills)
  Frederick (Vaults:2)
  Saint Roka (Snake:3)
  Nikola (Snake:3)
  Jorgrun (Orc:2)
  A tentacled monstrosity (Swamp:2)
  A thorn hunter (Swamp:4)
  A tentacled starspawn (Abyss:3)
  2 frost giants
  13 nagarajas
  Aizul (Snake:4)
  2 vault wardens (Vaults:1)
  A very ugly thing (Vaults:1)
  4 ironheart preservers (Vaults:1)
  2 vampire knights (D:15)
  A dire elephant (Lair:6)
  Snorg (Orc:2)
  A fire dragon (Swamp:3)
  2 yaktaur captains (Vaults:2)
  4 rakshasas
  2 great orbs of eyes
  Fannar (D:11)
  21 naga warriors
  An ice dragon (D:12)
  A vault guard (D:14)
  3 ghost crabs
  9 anacondas
  4 shambling mangroves
  3 catoblepae
  4 centaur warriors
  6 alligators
  2 death knights
  24 hydras
  4 two-headed ogres
  A deep troll shaman (Lair:6)
  A tengu warrior (D:15)
  2 ogre magi
  A thrashing horror (Abyss:3)
  14 death yaks
  9 shock serpents
  4 deep elf knights
  10 naga sharpshooters
  2 salamander mystics
  9 skeletal warriors
  2 deep trolls (Vaults:1)
  A deep elf archer (Vaults:2)
  8 swamp dragons
  2 unseen horrors
  7 naga ritualists
  4 spriggan druids (Swamp:3)
  9 sea snakes
  3 large abominations (Abyss:3)
  3 wizards
  2 wolf spider zombies
  3 lindwurms (Swamp:4)
  An orb spider (shapeshifter) (Vaults:1)
  3 harpies (Vaults:1)
  2 deep elf magi
  11 orc knights
  4 ironbrand convokers
  10 mana vipers
  2 wolf spiders
  10 ugly things
  2 manticores (Lair:5)
  5 cyclopes
  6 salamanders
  2 vault sentinels
  27 black mambas
  3 elephants (Lair:6)
  5 guardian serpents
  15 spiny frogs
  17 naga magi
  A centaur skeleton (D:14)
  A yaktaur (shapeshifter) (Vaults:1)
  2 rime drakes
  2 freezing wraiths (Vaults:2)
  A komodo dragon (Lair:3)
  19 yaktaurs
  8 tyrant leeches
  4 polar bears
  5 trolls
  13 hornets
  18 slime creatures
  6 hippogriffs
  15 blink frogs
  5 bog bodies
  A dream sheep (shapeshifter) (Vaults:1)
  A meliai zombie (D:15)
  9 spriggans
  Grum (D:10)
  2 shadows
  A vampire (D:13)
  4 wraiths
  22 humans
  43 yaks
  A basilisk (Lair:3)
  A yaktaur simulacrum (Vaults:1)
  7 hungry ghosts
  A warg (Snake:3)
  9 vampire mosquitoes
  12 swamp worms
  Edmund (D:5)
  5 insubstantial wisps
  53 nagas
  A spatial vortex (Snake:4)
  12 water moccasins
  11 porcupines
  26 orc warriors
  5 sky beasts
  9 swamp drakes
  2 black bears
  2 eyes of draining
  3 phantoms (D:5)
  16 ogres
  4 boggarts (Vaults:2)
  19 centaurs
  14 wolves
  13 crocodiles
  13 bullfrogs
  A wyvern skeleton (D:11)
  A water moccasin skeleton (D:7)
  4 water moccasin zombies (Ossuary)
  5 scorpions
  16 killer bees
  4 wights (D:11)
  3 howler monkeys
  2 electric eels (Snake:1)
  3 crimson imps
  A lava snake (Snake:1)
  4 centaur zombies
  2 quasits
  4 hounds
  2 jellies
  10 orc priests
  Crazy Yiuf (D:3)
  15 orc wizards
  7 iguanas
  9 worker ants
  A killer bee zombie (D:8)
  2 big kobold zombies (Ossuary)
  2 mummies (Ossuary)
  9 adders
  6 gnolls
  2 oozes (D:1)
  3 adder zombies
  4 adder skeletons
  2 worms (D:3)
  3 dart slugs
  A leopard gecko (D:5)
  62 orcs
  3 giant cockroaches
  2 gnoll zombies (Ossuary)
  3 goblins
  8 hobgoblins
  7 jackals
  A quokka (D:2)
  5 bats
  3 frilled lizards
  5 hobgoblin zombies
  11 kobolds
  5 kobold zombies (Ossuary)
  2 leopard gecko skeletons
  A leopard gecko zombie (D:6)
  3 orc zombies (Ossuary)
  A quokka skeleton (D:7)
  7 rats
  5 briar patches (Swamp:4)
  2 fungi (Lair:6)
  4 plants
  A snaplasher vine (Lair:3)
1042 creatures vanquished.

Vanquished Creatures (others)
  A two-headed ogre (D:13)
  A tyrant leech (Swamp:3)
  A slime creature (Swamp:3)
  3 blink frogs (Swamp:3)
  A bog body (Swamp:1)
  A swamp drake (Swamp:1)
  An ice beast (D:12)
  An orc warrior (Orc:2)
  A wolf (Lair:6)
  A centaur (Orc:2)
  A briar patch (Swamp:4)
  9 fungi
  12 plants
  33 snaplasher vines
  6 starspawn tentacles (Abyss:3)
73 creatures vanquished.

Grand Total: 1419 creatures vanquished

Notes
Turn   | Place    | Note
-------+----------+-------------------------------------------
     0 | D:1      | Aelig the Barachi Summoner began the quest for the Orb.
     0 | D:1      | Reached XP level 1. HP: 13/13 MP: 3/3
    14 | D:1      | Reached skill level 5 in Summonings
   182 | D:1      | Reached XP level 2. HP: 19/19 MP: 1/5
   189 | D:1      | Learned a level 2 spell: Call Imp
   680 | D:1      | Reached XP level 3. HP: 24/24 MP: 6/6
   726 | D:1      | Reached skill level 6 in Summonings
   945 | D:2      | Found a hazy altar of Hepliaklqana.
  1157 | D:2      | Found a snail-covered altar of Cheibriados.
  1650 | D:2      | Reached XP level 4. HP: 30/30 MP: 3/7
  1711 | D:2      | Learned a level 3 spell: Call Canine Familiar
  1836 | D:3      | Found an opulent altar of Gozag.
  2067 | D:3      | Found a shimmering altar of Xom.
  2232 | D:3      | Reached skill level 7 in Summonings
  2284 | D:3      | Found a burning altar of Makhleb.
  2288 | D:3      | Found a white marble altar of Elyvilon.
  2289 | D:3      | Found a shattered altar of Ashenzari.
  2525 | D:3      | Found a runed translucent door.
  2526 | D:3      | Noticed Crazy Yiuf
  2709 | D:3      | Found a shadowy altar of Dithmenos.
  2793 | D:3      | Killed Crazy Yiuf
  2793 | D:3      | Reached XP level 5. HP: 35/35 MP: 3/8
  2936 | D:4      | Found a sand-covered staircase.
  2948 | Ossuary  | Entered an ossuary
  3106 | Ossuary  | Reached skill level 8 in Summonings
  3834 | Ossuary  | Reached XP level 6. HP: 35/41 MP: 9/9
  4007 | Ossuary  | Reached skill level 9 in Summonings
  4203 | D:4      | Found Jiycwoh's Antique Weapon Shop.
  4278 | D:4      | Found a glowing golden altar of the Shining One.
  4375 | D:4      | Found Ytisuida's Book Emporium.
  4396 | D:4      | Noticed Edmund
  4406 | D:4      | Reached XP level 7. HP: 39/46 MP: 4/10
  4412 | D:4      | Noticed Pikel
  4413 | D:5      | Entered Level 5 of the Dungeon
  4413 | D:5      | Found Loudue's Gadget Shoppe.
  4601 | D:5      | Killed Edmund
  4601 | D:5      | Reached skill level 10 in Summonings
  4968 | D:5      | Learned a level 4 spell: Summon Ice Beast
  4978 | D:5      | Found a basalt altar of Yredelemnul.
  4996 | D:5      | Reached skill level 1 in Ice Magic
  5142 | D:5      | Found a basalt altar of Yredelemnul.
  5206 | D:5      | HP: 2/46 [poisoned by a gnoll]
  5709 | D:5      | Reached XP level 8. HP: 52/52 MP: 4/11
  5799 | D:5      | Found a large runed translucent door.
  5799 | D:5      | Found a large runed translucent door.
  5802 | D:5      | Found a staircase to the Ecumenical Temple.
  5827 | D:5      | Reached skill level 11 in Summonings
  5831 | D:5      | Found a large runed translucent door.
  5831 | D:5      | Found a large runed translucent door.
  5832 | D:5      | Found the +8 frozen axe "Frostbite" {freezing cloud, *Noise
                  | +Fly rC+}
  6218 | D:5      | Got an ominously black robe
  6230 | D:5      | Identified the +1 robe of Integrity {rElec Int+3} (You
                  | found it on level 5 of the Dungeon)
  6368 | D:5      | Noticed a wraith
  6379 | D:5      | Killed a wraith
  6548 | Temple   | Entered the Ecumenical Temple
  6684 | D:6      | Found Qiupnian's Book Shoppe.
  6694 | D:6      | Reached skill level 5 in Ice Magic
  6712 | D:6      | Found Iptegea's Armour Shoppe.
  6728 | D:6      | Bought a +1 pair of gloves for 126 gold pieces
  6823 | D:6      | Found Xagegg's Magic Scroll Emporium.
  6905 | D:6      | Reached skill level 12 in Summonings
  7141 | D:6      | Found a shimmering blue altar of Sif Muna.
  7149 | D:6      | Became a worshipper of Sif Muna the Loreminder
  7320 | D:6      | Found Baill's Distillery.
  7421 | D:7      | Reached XP level 9. HP: 57/57 MP: 10/14
  7623 | D:7      | Reached skill level 5 in Spellcasting
  7703 | D:7      | Reached * piety under Sif Muna
  7841 | D:7      | Found Ripak's Book Shoppe.
  7940 | D:7      | Noticed a troll
  7953 | D:7      | Killed a troll
  8009 | D:7      | Learned a level 3 spell: Summon Guardian Golem
  8024 | D:8      | Reached skill level 1 in Hexes
  8761 | D:8      | Found a staircase to the Lair.
  8794 | D:8      | Reached XP level 10. HP: 63/63 MP: 17/19
  8812 | D:8      | Reached skill level 13 in Summonings
  8923 | D:8      | Reached skill level 5 in Hexes
  9125 | Lair:1   | Entered Level 1 of the Lair of Beasts
  9134 | Lair:1   | Reached skill level 1 in Invocations
  9412 | Lair:1   | Noticed a five-headed hydra
  9423 | Lair:1   | Killed a five-headed hydra
  9423 | Lair:1   | Reached ** piety under Sif Muna
  9940 | Lair:2   | Reached skill level 14 in Summonings
 10151 | Lair:2   | Reached skill level 5 in Invocations
 10340 | Lair:2   | Noticed a spiny frog
 10348 | Lair:2   | Killed a spiny frog
 10348 | Lair:2   | Reached XP level 11. HP: 68/68 MP: 20/20
 10914 | Lair:3   | Found the ring of Phasing {EV+8}
 11227 | Lair:3   | Noticed a catoblepas
 11242 | Lair:3   | Killed a catoblepas
 11249 | Lair:3   | Found a staircase to the Swamp.
 11863 | Lair:4   | Noticed a seven-headed hydra
 11863 | Lair:4   | Noticed a five-headed hydra
 11880 | Lair:4   | Killed a five-headed hydra
 11880 | Lair:4   | Reached skill level 15 in Summonings
 11922 | Lair:4   | Killed a seven-headed hydra
 11952 | Lair:4   | Noticed a death yak
 11956 | Lair:4   | Noticed a death yak
 11956 | Lair:4   | Noticed a death yak
 11969 | Lair:4   | Killed a death yak
 11969 | Lair:4   | Noticed a death yak
 11982 | Lair:3   | Killed a death yak
 11982 | Lair:3   | Reached *** piety under Sif Muna
 12030 | Lair:4   | Noticed an oklob plant
 12077 | Lair:4   | Killed a death yak
 12077 | Lair:4   | Reached skill level 5 in Dodging
 12228 | Lair:4   | Found a staircase to the Snake Pit.
 12507 | Lair:4   | Noticed an oklob plant
 12561 | Lair:4   | Killed a death yak
 12890 | Lair:5   | Found a staircase to the Slime Pits.
 12890 | Lair:5   | Noticed a death yak
 12890 | Lair:5   | Noticed a death yak
 12890 | Lair:5   | Noticed a death yak
 12890 | Lair:5   | Noticed a death yak
 12899 | Lair:5   | Noticed a death yak
 12904 | Lair:5   | Killed a death yak
 12912 | Lair:5   | Noticed a death yak
 13070 | Lair:5   | Killed a death yak
 13079 | Lair:5   | Killed a death yak
 13079 | Lair:5   | Reached skill level 16 in Summonings
 13079 | Lair:5   | Reached XP level 12. HP: 53/74 MP: 15/21
 13378 | Lair:5   | Noticed an eight-headed hydra
 13387 | Lair:5   | Killed an eight-headed hydra
 13473 | Lair:5   | Reached **** piety under Sif Muna
 13545 | Lair:5   | Noticed a catoblepas
 13545 | Lair:5   | Noticed a catoblepas
 13593 | Lair:5   | Killed a catoblepas
 13895 | Lair:5   | Killed a catoblepas
 14285 | Lair:5   | Killed a death yak
 14293 | Lair:5   | Killed a death yak
 14293 | Lair:5   | Reached skill level 10 in Dodging
 14321 | Lair:5   | Killed a death yak
 14565 | Lair:6   | Entered Level 6 of the Lair of Beasts
 15098 | Lair:6   | Found a transporter.
 15101 | Lair:6   | Noticed a five-headed hydra
 15110 | Lair:6   | Noticed Flugslaktarn's ghost (journeyman MiFi)
 15244 | Lair:6   | Noticed a six-headed hydra
 15252 | Lair:6   | Killed a six-headed hydra
 15299 | Lair:6   | Reached skill level 1 in Fighting
 15442 | Lair:6   | Found a transporter.
 15579 | Lair:6   | Noticed a five-headed hydra
 15588 | Lair:6   | Killed a five-headed hydra
 15722 | Lair:6   | Noticed a death yak
 15724 | Lair:6   | Noticed a death yak
 15727 | Lair:6   | Noticed a death yak
 15749 | Lair:6   | Killed a death yak
 15755 | Lair:6   | Killed a death yak
 15755 | Lair:6   | Gained mutation: You can hop long distances. [Barachi
                  | growth]
 15755 | Lair:6   | Reached XP level 13. HP: 90/90 MP: 5/22
 15901 | Lair:6   | Reached skill level 5 in Fighting
 16241 | Lair:6   | Reached ***** piety under Sif Muna
 16241 | Lair:6   | Received a gift from Sif Muna
 16249 | Lair:6   | Learned a level 5 spell: Summon Forest
 16273 | Lair:6   | Reached skill level 1 in Translocations
 16275 | Lair:6   | Noticed a dire elephant
 16301 | Lair:6   | Killed a dire elephant
 17247 | D:9      | Found an ancient bone altar of Kikubaaqudgha.
 17488 | D:9      | Found a runed translucent gate.
 17488 | D:9      | Found a runed translucent gate.
 17488 | D:9      | Found a runed translucent gate.
 17488 | D:9      | Noticed Tolueria's ghost (journeyman NaVM)
 17488 | D:9      | Noticed rgaf's ghost (novice GrNe)
 17489 | D:9      | Noticed Geosu's ghost (novice TeMo)
 17489 | D:9      | Noticed Pedro's ghost (journeyman FoFi)
 17489 | D:9      | Noticed rgaf's ghost (novice GrNe)
 17515 | D:10     | Entered Level 10 of the Dungeon
 17750 | D:10     | Found Laxey's Jewellery Boutique.
 17756 | D:10     | Noticed Grum
 17768 | D:10     | Killed Grum
 18552 | D:11     | Reached skill level 1 in Shields
 18585 | D:11     | Identified Sif Muna's Tome of Enchantment and the Escort
                  | (Sif Muna gifted it to you on level 11 of the Dungeon)
 18585 | D:11     | Received a gift from Sif Muna
 18593 | D:11     | Learned a level 5 spell: Summon Mana Viper
 19124 | D:11     | Noticed Fannar
 19167 | D:11     | Killed Fannar
 19614 | D:12     | Found a staircase to the Orcish Mines.
 19667 | D:12     | Received a gift from Sif Muna
 19787 | D:12     | Found a gate leading to a gauntlet.
 19990 | D:12     | Found a frozen archway.
 19991 | D:12     | Noticed an ice dragon
 20003 | D:12     | Reached skill level 5 in Translocations
 20010 | D:12     | Killed an ice dragon
 20276 | Orc:1    | Entered Level 1 of the Orcish Mines
 20660 | Orc:2    | Entered Level 2 of the Orcish Mines
 20663 | Orc:2    | Noticed Jorgrun
 20999 | Orc:2    | Killed Jorgrun
 21086 | Orc:2    | Noticed Snorg
 21101 | Orc:2    | Killed Snorg
 21829 | Orc:2    | Found a staircase to the Elven Halls.
 21945 | Orc:2    | Reached skill level 10 in Fighting
 22328 | Orc:2    | Reached XP level 14. HP: 93/110 MP: 21/24
 22469 | Orc:2    | Found Rofeh's General Store.
 22469 | Orc:2    | Found Hiczey's Assorted Antiques.
 22469 | Orc:2    | Found Vuhyivi's Assorted Antiques.
 22472 | Orc:2    | Found Kafoh's Distillery.
 22721 | D:12     | Learned a level 6 spell: Shadow Creatures
 22907 | D:4      | Bought a crude short sword for 192 gold pieces
 22907 | D:4      | Identified the +5 short sword of Dismemberment {pierce,
                  | Str+2} (You bought it in a shop on level 4 of the Dungeon)
 23195 | D:13     | Found Unyarrel's Jewellery Emporium.
 24102 | D:13     | Reached skill level 5 in Shields
 24253 | D:14     | Received a gift from Sif Muna
 24552 | D:14     | Got a heavily runed amethyst amulet
 24553 | D:14     | Identified the amulet "Baic Deta" {Spirit rPois rF+ rN+
                  | Int-3} (You found it on level 14 of the Dungeon)
 24693 | D:14     | Found a gate to the Vaults.
 24839 | D:14     | Noticed Jessica
 24845 | D:14     | Found a shimmering blue altar of Sif Muna.
 24852 | D:14     | Killed Jessica
 25001 | D:15     | Entered Level 15 of the Dungeon
 25956 | D:15     | Noticed a frost giant
 26322 | D:15     | Killed a frost giant
 26400 | D:15     | Found a staircase to the Depths.
 26803 | D:6      | Bought a +2 ring mail of poison resistance for 198 gold
                  | pieces
 26928 | Swamp:1  | Entered Level 1 of the Swamp
 26953 | Lair:3   | Reached skill level 1 in Axes
 26953 | Lair:3   | Reached skill level 1 in Armour
 28303 | Swamp:2  | Identified Sif Muna's Guide on Self-Improvement and
                  | Weightlessness (Sif Muna gifted it to you on level 2 of the
                  | Swamp)
 28303 | Swamp:2  | Received a gift from Sif Muna
 28348 | Swamp:2  | Reached skill level 5 in Axes
 29662 | Swamp:2  | Reached skill level 5 in Armour
 29662 | Swamp:2  | Reached XP level 15. HP: 96/115 MP: 12/25
 29748 | Swamp:2  | Noticed a tentacled monstrosity
 29790 | Swamp:2  | Killed a tentacled monstrosity
 29808 | Swamp:2  | Got a distressingly furry leather armour
 29819 | Swamp:2  | Identified the +1 leather armour "Qaytebo" {Int+4 Dex+6}
                  | (You found it on level 2 of the Swamp)
 31112 | Swamp:4  | Entered Level 4 of the Swamp
 31119 | Swamp:4  | Identified Sif Muna's Grimoire of Supportive Beguiling (Sif
                  | Muna gifted it to you on level 4 of the Swamp)
 31119 | Swamp:4  | Received a gift from Sif Muna
 31303 | Swamp:4  | Reached skill level 10 in Axes
 32448 | Swamp:4  | Noticed a thorn hunter
 32609 | Swamp:4  | Killed a thorn hunter
 33208 | Swamp:4  | Got a decaying rune of Zot
 33358 | Snake:1  | Entered Level 1 of the Snake Pit
 34324 | Snake:1  | Identified Sif Muna's Grimoire of Enthralling Confrontation
                  | (Sif Muna gifted it to you on level 1 of the Snake Pit)
 34324 | Snake:1  | Received a gift from Sif Muna
 34408 | Snake:1  | Reached XP level 16. HP: 122/122 MP: 23/26
 36576 | Snake:2  | Found a runed translucent door.
 36884 | Snake:2  | Noticed Vashnia
 37228 | Snake:3  | Identified Sif Muna's Almanac of Flying Toxins (Sif Muna
                  | gifted it to you on level 3 of the Snake Pit)
 37228 | Snake:3  | Received a gift from Sif Muna
 37454 | Snake:3  | Identified 2 scrolls of acquirement
 37539 | Snake:3  | Learned a level 3 spell: Regeneration
 37696 | Snake:3  | Noticed a nagaraja
 37708 | Snake:3  | Killed a nagaraja
 37768 | Snake:3  | Reached skill level 1 in Charms
 37914 | Snake:3  | Reached skill level 1 in Necromancy
 38032 | Snake:3  | Noticed Nikola
 38040 | Snake:3  | Killed Nikola
 38087 | Snake:3  | Noticed Saint Roka
 38291 | Snake:3  | Killed Saint Roka
 38623 | Snake:3  | Noticed Bai Suzhen
 38968 | Snake:4  | Entered Level 4 of the Snake Pit
 39333 | Snake:4  | Noticed a nagaraja
 39345 | Snake:4  | Killed a nagaraja
 39902 | Snake:3  | Noticed a nagaraja
 40100 | Snake:3  | Killed a nagaraja
 40691 | Snake:4  | Identified Igauq's Handbook of Boosting Conjuration (Sif
                  | Muna gifted it to you on level 4 of the Snake Pit)
 40691 | Snake:4  | Received a gift from Sif Muna
 40973 | Snake:4  | Reached XP level 17. HP: 102/128 MP: 9/30
 41187 | Snake:4  | Reached skill level 5 in Charms
 41243 | Snake:4  | Noticed Aizul
 41253 | Snake:4  | Killed Aizul
 41253 | Snake:4  | Reached skill level 10 in Spellcasting
 41982 | Snake:4  | Learned a level 7 spell: Summon Greater Demon
 42696 | Snake:4  | Identified Sif Muna's Collected Works on the Lucky Compass
                  | (Sif Muna gifted it to you on level 4 of the Snake Pit)
 42696 | Snake:4  | Received a gift from Sif Muna
 42988 | Snake:4  | Got a serpentine rune of Zot
 43529 | Depths:1 | Entered Level 1 of the Depths
 43862 | D:15     | Reached skill level 17 in Summonings
 43909 | D:15     | Paralysed by a vampire knight for 2 turns
 44570 | Vaults:1 | Entered Level 1 of the Vaults
 44976 | Vaults:1 | Noticed a Brimstone Fiend
 45251 | Vaults:1 | Reached skill level 10 in Shields
 45288 | Vaults:1 | Found Noniu's Book Shop.
 45289 | Vaults:1 | Found Maidghar's Jewellery Shop.
 45295 | Vaults:1 | Found Ehaunneh's Book Shop.
 45578 | Vaults:1 | Identified Sif Muna's Collected Works on Creation (Sif Muna
                  | gifted it to you on level 1 of the Vaults)
 45578 | Vaults:1 | Received a gift from Sif Muna
 45582 | Vaults:1 | Learned a level 1 spell: Summon Butterflies
 45698 | Vaults:1 | Reached XP level 18. HP: 134/134 MP: 29/32
 45787 | Vaults:1 | Noticed a Hell Sentinel
 46057 | Orc:2    | Bought a runed war axe for 234 gold pieces
 46440 | Vaults:1 | Found Ciata's General Store.
 46447 | Vaults:1 | Bought a potion of heal wounds for 55 gold pieces
 46754 | Vaults:2 | Noticed Frederick
 46770 | Vaults:2 | Killed Frederick
 46898 | Vaults:2 | Received a gift from Sif Muna
 47071 | Vaults:2 | Cast into level 3 of the Abyss (a deep elf sorcerer)
 47305 | Abyss:3  | Killed from afar by a hell hog

Levels and vault maps discovered:
D:1:      shiori_arrival_oz, layout_rooms
D:2:      minmay_chambers_of_twos, layout_loops_ring,
          nicolae_overflow_crystal_walls, kennysheep_slug_shrine, first_ration
D:3:      layout_loops_ring, lemuel_doored_altar, grunt_gozag_breadcrumbs,
          minitemple, lemuel_round_altar, uniq_crazy_yiuf_cottage
D:4:      layout_rooms, nicolae_qazlal_style_of_elements, tso_altar,
          serial_shops, nicolae_shop_stone, nicolae_shop_trees,
          nicolae_shop_stone, shop, enter_ossuary_3, serial_undead,
          serial_undead_e, serial_undead_f, serial_undead_f, serial_undead_c,
          serial_undead_e, serial_undead_d, serial_undead_b,
          saegor_snake_ambush, uniq_edmund, uniq_pikel
D:5:      layout_basic, yredelemnul_altar_generic, minmay_temple_entry_trees,
          serial_shops, shop, kennysheep_flooded_box, palyth_stone_intersect,
          minmay_hollow_rounded_squares
D:6:      layout_loops_ring, lemuel_round_altar, serial_shops, shop,
          nicolae_shop_crystal, shop, nicolae_shop_stone
D:7:      kennysheep_spiral_hall, layout_rooms, serial_shops,
          nicolae_shop_competitors_out_of_business
D:8:      layout_rooms, grunt_lair_entry_orc_guard_hut, grunt_ogre_cave,
          minivault_27
D:9:      layout_rooms, kennysheep_mini, gammafunk_ghost_cemetery,
          kennysheep_pointless_box, small_chamber_with_monster
D:10:     layout_stronghold, serial_shops, shop, uniq_grum
D:11:     layout_long_grid, uniq_fannar
D:12:     layout_basic, erik_orc_4, gauntlet_entry_generic,
          portal_ice_cave_entry_animals_and_master, kennysheep_crisscross,
          minmay_diced_spiral
D:13:     layout_loops_ring, serial_shops, shop
D:14:     layout_cave_pools, grunt_vaults_entry_tiered, hex_medium, tgw_sif
D:15:     grunt_enter_depths_snipers, layout_cave_pools
Temple:   kb_temple_of_zot
Lair:1:   layout_hall_layers, chequers_serial_rivers_room_b
Lair:2:   layout_loops_ring, lemuel_fruit_tree, grunt_megastairs_5
Lair:3:   layout_regular_city, swamp_mist
Lair:4:   layout_long_grid, minmay_snake_entry_guardpost_medium,
          minmay_lair_oklob_chamber, lemuel_fruit_fields
Lair:5:   nzn_motion_control, layout_cave_pods, minmay_slime_entry_pillars,
          infiniplex_staircase_pool_2, grunt_megastairs_2
Lair:6:   grunt_lair_end_beastmaster, layout_layer_cave, gammafunk_ghost_arena
Swamp:1:  layout_basic_swamp, evilmike_swamp_ruin_house_4, swamp_pool5
Swamp:2:  cheibrodos_swamp_monstrosity, layout_basic_swamp, hangedman_swamp_cone
Swamp:3:  layout_basic_swamp, evilmike_swamp_ruin_house_1
Swamp:4:  swamp_alternative, layout_basic_swamp
Snake:1:  layout_basic, serial_bayou_shore_a
Snake:2:  cheibrodos_toxic_ritual, layout_onion, uniq_vashnia
Snake:3:  layout_chambers, uniq_nikola, uniq_bai_suzhen, uniq_saint_roka
Snake:4:  grunt_snake_rune_pools, layout_basic, uniq_aizul
Orc:1:    layout_caves, basic_altar, uniq_erolcha
Orc:2:    st_orc_rangers, layout_caves, uniq_snorg, uniq_jorgrun
Vaults:1: vaults_room_door_hall, vaults_standard_mumra_x,
          hangedman_vaults_river_flow, hangedman_vaults_hard_town_square,
          nicolae_vaults_little_squares_4, vaults_dpeg_doors,
          ontoclasm_vaults_misaligned, nicolae_vaults_alarming,
          ontoclasm_vaults_gateway, vaults_dpeg_encased_lava,
          ontoclasm_vaults_ring_square, vaults_dpeg_ring,
          layout_vaults_omnicross, serial_shops, shop
Vaults:2: v_pattern_2, minmay_crypt_entry_simple_box,
          hangedman_vaults_variations, nicolae_vaults_know_your_exits,
          vaults_room_door_hall, v_misc_8, hangedman_vaults_stretched_pinwheel,
          hangedman_vaults_trim, vaults_room_grunt_arrival_ludios,
          layout_vaults_omnigrid, serial_shops, shop, uniq_boris,
          uniq_frederick, uniq_mara
Depths:1: layout_big_octagon, grunt_decor_cap, abyss_entry,
          pf_hell_entry_tar_river, minmay_guarded_unrand_vampires_tooth,
          minmay_shoptagon, uniq_enchantress
Abyss:3:  base: Snake:2, hangedman_abyss_stitches_cave,
          evilmike_abyss_rune_tso_outpost

Skill      XL: |  1  2  3  4  5  6  7  8  9 10 11 12 13 14 15 16 17 18 |
---------------+-------------------------------------------------------+-----
Summonings     | 5 6 7 8 9 10 12 14 16 17 | 17.2
Ice Magic      | 2 6 |  6.0
Spellcasting   | 3 6 7 9 10 | 10.0
Hexes          | 4 6 |  6.0
Invocations    | 5 6 |  6.0
Dodging        | 7 12 | 12.1
Fighting       | 4 10 | 10.0
Translocations | 6 8 |  8.0
Shields        | 4 8 11 13 | 13.4
Axes           | 6 11 14 | 14.6
Armour         | 5 9 |  9.1
Charms         | 4 8 |  8.0
Necromancy     | 3 4 |  4.0
Stealth        | |  1.7

Action                   |  1- 3 |  4- 6 |  7- 9 | 10-12 | 13-15 | 16-18 || total
-------------------------+-------+-------+-------+-------+-------+-------++-------
Melee: Unarmed           |    17 |       |       |       |       |       ||    17
       Short sword       |    31 |   136 |    12 |       |       |       ||   179
       Flail             |       |       |   151 |   153 |   366 |       ||   670
       Hand axe          |       |       |       |       |   541 |   678 ||  1219
       War axe           |       |       |       |       |       |   160 ||   160
 Cast: Summon Small Mamm |    44 |    27 |     2 |     2 |       |       ||    75
       Call Imp          |     9 |    30 |    47 |    66 |    16 |       ||   168
       Call Canine Famil |       |    14 |    36 |    55 |   124 |    55 ||   284
       Summon Guardian G |       |       |     4 |    29 |    47 |    10 ||    90
       Summon Ice Beast  |       |       |       |   128 |   315 |   233 ||   676
       Summon Forest     |       |       |       |       |    59 |    71 ||   130
       Summon Mana Viper |       |       |       |       |    14 |    36 ||    50
       Shadow Creatures  |       |       |       |       |     3 |    63 ||    66
       Regeneration      |       |       |       |       |       |    32 ||    32
       Summon Greater De |       |       |       |       |       |     1 ||     1
       Summon Butterflie |       |       |       |       |       |     1 ||     1
Invok: Forget Spell      |       |       |       |       |     2 |       ||     2
       Channel Magic     |       |       |       |       |       |     9 ||     9
 Abil: Hop               |       |     2 |     2 |     9 |    22 |    19 ||    54
       Stop Flying       |       |       |       |       |       |     1 ||     1
Evoke: Wand              |       |       |       |       |     2 |     2 ||     4
  Use: Potion            |       |     2 |     6 |     1 |     2 |    15 ||    26
       Scroll            |       |       |    12 |     4 |    22 |    26 ||    64
 Stab: Sleeping          |     2 |     1 |       |       |     4 |       ||     7
       Distracted        |       |     2 |       |     2 |    28 |    24 ||    56
  Eat: Chunk             |     4 |     6 |    14 |    24 |    49 |    31 ||   128
       Ration            |       |     2 |     2 |     5 |    20 |    18 ||    47
Armor: Robe              |    12 |    31 |    54 |    40 |    80 |       ||   217
       Leather armour    |       |       |    22 |       |    81 |   142 ||   245
       Ring mail         |       |       |       |       |    84 |       ||    84
Dodge: Dodged            |    53 |   103 |   154 |   171 |  1213 |   721 ||  2415
Block: Buckler           |       |       |       |       |    46 |       ||    46
       Shield            |       |       |       |       |   481 |   607 ||  1088
